 Dungeon Crawl Stone Soup version 0.22-a0-362-g535178c (webtiles) character file.

21 Amnesiac the Grave Robber (level 2, -5/19 HPs)
             Began as a Mummy Necromancer on Apr 20, 2018.
             Killed from afar by an orc wizard (7 damage)
             ... with a magic dart
             ... on level 4 of the Dungeon.
             The game lasted 00:00:49 (459 turns).

Amnesiac the Grave Robber (Mummy Necromancer)        Turns: 459, Time: 00:00:49

Health: -5/19      AC:  2    Str: 11    XL:     2   Next: 65%
Magic:  6/6        EV: 12    Int: 14    God:
Gold:   5          SH:  0    Dex: 12    Spells: 5/7 levels left

rFire    x . .     SeeInvis .   a - +1 dagger (vamp)
rCold    + . .     Gourm    .   (no shield)
rNeg     + + +     Faith    .   b - +0 robe
rPois    ∞         Spirit   .   (no helmet)
rElec    .         Reflect  .   (no cloak)
rCorr    .         Harm     .   (no gloves)
MR       .....                  (no boots)
Stlth    ++........             (no amulet)
HPRegen  0.06/turn              (no ring)
MPRegen  0.10/turn              (no ring)

@: no status effects
A: no food or potions, fire vulnerability, cold resistance 1, negative energy
resistance 3, torment resistance, unbreathing
a: no special abilities


You were on level 4 of the Dungeon.
You were not hungry.

You visited 1 branch of the dungeon, and saw 4 of its levels.

You collected 5 gold pieces.

Inventory:

Hand Weapons
 a - a +1 vampiric dagger (weapon)
Missiles
 e - 36 stones (quivered)
Armour
 b - a +0 robe (worn)
 d - a +0 buckler
Scrolls
 c - a scroll of identify {!r, unknown}
 f - a scroll of remove curse {!r, unknown}


   Skills:
 - Level 1.5 Dodging
 - Level 1.5 Stealth
 + Level 1.0 Shields
 + Level 3.2 Spellcasting
 + Level 4.2 Necromancy


You had 5 spell levels left.
You knew the following spells:

 Your Spells              Type           Power        Failure   Level  Hunger
a - Pain                  Necr           ##..         3%          1    N/A
z - Confusing Touch       Hex            #.....       22%         1    N/A

Dungeon Overview and Level Annotations

Branches:
Dungeon (4/15)
 Temple: D:4-7

Altars:


Innate Abilities, Weirdness & Mutations

You do not eat or drink.
Your flesh is vulnerable to fire.
You are immune to poison.
Your flesh is cold resistant. (rC+)
You are immune to negative energy. (rN+++)
You are immune to unholy pain and torment.
You can survive without breathing.


Message History

You kill the adder!
Casting: Pain (safe; 3% risk of failure)
Confirm with . or Enter, or press ? or * to list all spells.
You don't have enough magic to cast that spell.
Casting: Pain (safe; 3% risk of failure)
Confirm with . or Enter, or press ? or * to list all spells.
You don't have enough magic to cast that spell.
Casting: Pain (safe; 3% risk of failure)
Confirm with . or Enter, or press ? or * to list all spells.
You don't have enough magic to cast that spell.
Memorise Confusing Touch, consuming 1 spell level and leaving 5?
You start memorising the spell.
You continue memorising.
You finish memorising.
Spell assigned to 'z'.
You start resting.
Magic restored.
You start resting.
Magic restored.
Found a stone staircase leading down.
A goblin comes into view. It is wielding a dagger.
A goblin is nearby!
Adjust (i)tems, (s)pells, or (a)bilities?
Adjust which spell?
Okay, then.
Adjust (i)tems, (s)pells, or (a)bilities?
Adjust which item? (? for menu, Esc to quit)
b - a +1 vampiric dagger (weapon)
Adjust to which letter? (? for menu, Esc to quit)
a - a +1 vampiric dagger (weapon);
b - a +0 robe (worn)
The goblin shouts!
Found 17 stones.
Casting: Pain (safe; 3% risk of failure)
Confirm with . or Enter, or press ? or * to list all spells.
Aiming: Pain (safe; 3% risk of failure)
Press: ? - help, Shift-Dir - straight line, f - goblin
Aim: a goblin, wielding a dagger (chance to defeat MR: 85%)
The goblin writhes in agony!
You kill the goblin!
Your Shields skill increases to level 1!
Casting: Pain (safe; 3% risk of failure)
Confirm with . or Enter, or press ? or * to list all spells.
You can't see any susceptible monsters within range! (Use Z to cast anyway.)
Casting: Pain (safe; 3% risk of failure)
Confirm with . or Enter, or press ? or * to list all spells.
You can't see any susceptible monsters within range! (Use Z to cast anyway.)
Things that are here:
a dagger; a goblin corpse
e - 36 stones (gained 17)
Things that are here:
a dagger; a goblin corpse
There is a stone staircase leading down here.
You climb downwards.
An orc wizard comes into view. It is wielding a dagger.
Found a stone staircase leading up.
There is a stone staircase leading up here.
An orc comes into view. It is wielding a whip of flaming.
The orc shouts!
The orc wizard shouts!
You hear a shout!
The orc wizard points at you and mumbles some strange words.
The puff of flame hits you! The fire burns you terribly!
Ouch! That really hurt!
* * * LOW HITPOINT WARNING * * *
An orc and an orc wizard come into view.
The orc wizard gestures at you while chanting.
The magic dart hits you!
You die...

### ..
..# .
#.#
.####
#.#
.....
#.#.....
#.#..###
#@.....#
#.####.#
#.# #..
.#<# .
.# .. ##
oo ..o


You could see an orc wizard and an orc (wandering).

Vanquished Creatures
  2 adders
  A goblin (D:3)
  A hobgoblin (D:2)
  A rat (D:2)
5 creatures vanquished.

Notes
Turn   | Place    | Note
-------+----------+-------------------------------------------
     0 | D:1      | Amnesiac the Mummy Necromancer began the quest for the Orb.
     0 | D:1      | Reached XP level 1. HP: 13/13 MP: 4/4
    88 | D:2      | Found a faded altar of an unknown god.
    92 | D:2      | Reached XP level 2. HP: 19/19 MP: 0/6
   359 | D:3      | Learned a level 1 spell: Confusing Touch
   427 | D:3      | Reached skill level 1 in Shields
   459 | D:4      | Killed from afar by an orc wizard

Vault maps used:
D:1:      minmay_arrival_semitransparent, hex_tiny
D:2:      chequers_ecumenical_altar_simple_redux, hex_intersection, uniq_sigmund
D:3:      uniq_natasha
D:4:      first_ration, uniq_pikel, uniq_crazy_yiuf_cottage, uniq_menkaure

Skill      XL: |  1  2 |
---------------+-------+-----
Spellcasting   | 3 |  3.2
Shields        | 1 |  1.0
Dodging        | |  1.5
Stealth        | |  1.5
Necromancy     | |  4.2

Action                   || total
-------------------------++-------
Melee: Dagger            ||     9
 Cast: Pain              ||    14
 Stab: Sleeping          ||     1
Armor: Robe              ||     1
Dodge: Dodged            ||     5

Table legend:
 A = Spawn XP
 B = Non-spawn XP
 C = Spawn XP percentage of total XP
 D = Spawn monster count
 E = Non-spawn monster count
 F = Spawn count percentage of total count
 G = Total turns spent on level
                    A         B        C        D         E        F      G
               +---------+---------+-------+---------+---------+-------+---------
         Total |       0 |      31 |   0.0 |       0 |       5 |   0.0 |   459
               +---------+---------+-------+---------+---------+-------+---------
           D:2 |       0 |      16 |   0.0 |       0 |       3 |   0.0 |   289
           D:3 |       0 |      15 |   0.0 |       0 |       2 |   0.0 |   145
               +---------+---------+-------+---------+---------+-------+---------
